 Dungeon Crawl Stone Soup version 0.21.1-1-g345015f (webtiles) character file.

79 yevrey the Insei (level 4, 0/36 HPs)
             Began as a Draconian Transmuter on Mar 19, 2018.
             Slain by a gnoll
             ... wielding a +0 halberd
              (15 damage)
             ... on level 2 of the Dungeon.
             The game lasted 00:03:18 (1156 turns).

yevrey the Insei (Draconian Transmuter)             Turns: 1156, Time: 00:03:19

Health: 0/36       AC:  5    Str: 12    XL:     4   Next: 16%
Magic:  1/7        EV: 12    Int: 14    God:
Gold:   17         SH:  0    Dex: 12    Spells: 1/7 levels left

rFire    . . .     SeeInvis .     - Unarmed
rCold    . . .     Gourm    .   (no shield)
rNeg     . . .     Faith    .   (armour unavailable)
rPois    .         Spirit   .   (helmet restricted)
rElec    .         Reflect  .   (no cloak)
rCorr    .         Harm     .   (no gloves)
MR       .....                  (no boots)
Stlth    +.........             (no amulet)
HPRegen  0.12/turn              (no ring)
MPRegen  0.10/turn              (no ring)

@: glowing
A: unfitting armour, cold-blooded, AC +5
a: no special abilities


You were on level 2 of the Dungeon.
You were not hungry.

You visited 1 branch of the dungeon, and saw 3 of its levels.

You collected 17 gold pieces.

Inventory:

Missiles
 a - 41 arrows
Jewellery
 f - a +2 ring of strength {unknown}
Scrolls
 e - 4 scrolls of noise {unknown}
 g - a scroll of fog {unknown}
 h - a scroll of remove curse {unknown}
 i - 2 scrolls of amnesia {unknown}
 m - 3 scrolls of identify {unknown}
Potions
 d - a potion of flight {unknown}
 k - a potion of agility
 l - a potion of might {unknown}
 n - 2 potions of curing {unknown}
Books
 b - a book of Changes

   Spells                             Type                      Level
   a - Beastly Appendage              Transmutation                1
   b - Sticks to Snakes               Transmutation                2
   c - Spider Form                    Transmutation/Poison         3
   d - Ice Form                       Ice/Transmutation            4
   e - Blade Hands                    Transmutation                5
Comestibles
 c - 3 rations
 j - 4 chunks of flesh


   Skills:
 * Level 2.0 Fighting
 - Level 1.7 Dodging
 + Level 4.0 Unarmed Combat
 + Level 2.4 Spellcasting
 + Level 2.4 Transmutations
 * Level 0.7 Poison Magic


You had one spell level left.
You knew the following spells:

 Your Spells              Type           Power        Failure   Level  Hunger
a - Beastly Appendage     Tmut           #.....       9%          1    #......
b - Sticks to Snakes      Tmut           #.......     12%         2    ###....
c - Spider Form           Tmut/Pois      #.........   34%         3    ###....


Dungeon Overview and Level Annotations

Branches:
Dungeon (3/15)

Altars:


Innate Abilities, Weirdness & Mutations

Your plain brown scales are hard. (AC +5)
You cannot fit into any form of body armour.
You are cold-blooded and may be slowed by cold attacks.


Message History

Your Unarmed Combat skill increases to level 4!
You have reached level 4!
You feel agile. The gnoll misses you. The gnoll barely misses you.
The gnoll hits you from afar with a halberd!
The gnoll closely misses you.
You closely miss the gnoll. The gnoll closely misses you. x2
You closely miss the gnoll.
The gnoll hits you but does no damage. x2
You hit the gnoll.
The gnoll is poisoned.
The gnoll is moderately wounded.
The gnoll barely misses you. The gnoll completely misses you.
The gnoll closely misses you.
You hit the gnoll.
The gnoll looks as sick as possible!
The gnoll is heavily wounded.
Your transformation has ended.
The gnoll hits you from afar with a halberd!
The gnoll hits you with a whip.
The gnoll hits you from afar with a halberd!
You die...

. ##.##....#.# l#####
#.#..##....#.###..gg..
#.#.###....#.##...#
#..........#...>#
#####.###<......###
......[......#.##
#####.###......# #<#
###...)#### #.#
##.#gg@.# #.# #.#.##g#
#.# #.#.##... #)#
#...###..# #.# ..##
..# ..# #..# .## ..#
#.. .# #.. .# ### ..#


You could see 3 gnolls.

Vanquished Creatures
  A gnoll shaman (D:2)
  A gnoll (D:2)
  An adder (D:1)
  An ooze (D:1)
  A dart slug (D:1)
  A ball python (D:2)
  4 goblins (D:1)
  2 hobgoblins
  A kobold (D:1)
  A quokka (D:3)
  5 bats
  2 frilled lizards (D:1)
  6 rats
27 creatures vanquished.

Notes
Turn   | Place    | Note
-------+----------+-------------------------------------------
     0 | D:1      | yevrey the Draconian Transmuter began the quest for the Orb.
     0 | D:1      | Reached XP level 1. HP: 16/16 MP: 3/3
   225 | D:1      | Reached XP level 2. HP: 10/23 MP: 3/5
   735 | D:1      | Reached XP level 3. HP: 23/29 MP: 6/6
  1043 | D:1      | Learned a level 2 spell: Sticks to Snakes
  1047 | D:1      | Learned a level 3 spell: Spider Form
  1149 | D:2      | Reached skill level 4 in Unarmed Combat
  1149 | D:2      | Reached XP level 4. HP: 36/36 MP: 1/7
  1156 | D:2      | Slain by a gnoll

Skill      XL: |  1  2  3 |
---------------+----------+-----
Fighting       | 2 |  2.0
Unarmed Combat | 4 |  4.0
Dodging        | |  1.7
Spellcasting   | |  2.4
Transmutations | |  2.4
Poison Magic   | |  0.7

Action                   |  1- 3 |  4- 6 || total
-------------------------+-------+-------++-------
Melee: Unarmed           |    78 |     4 ||    82
       Tailslap          |     5 |       ||     5
       Kick              |     2 |       ||     2
       Punch             |     1 |       ||     1
 Cast: Beastly Appendage |     7 |       ||     7
       Spider Form       |     2 |       ||     2
  Use: Potion            |     2 |       ||     2
 Stab: Sleeping          |     3 |       ||     3
  Eat: Chunk             |     1 |       ||     1
Armor: Skin              |    20 |     1 ||    21
Dodge: Dodged            |    53 |     8 ||    61
